 Dungeon Crawl Stone Soup version 0.31-a0-233-g139696dc86 (webtiles) character file.

Game seed: 1034664417715104452

127 qw the Shooter (level 4, -3/37 HPs)
             Began as a Minotaur Hexslinger on July 7, 2023.
             Killed by nerve-wracking pain
             ... invoked by an orc priest
              (4 damage)
             ... on level 3 of the Dungeon.
             The game lasted 00:01:02 (2652 turns).

qw the Shooter (Minotaur Hexslinger)                Turns: 2652, Time: 00:01:03

Health: -3/37      AC:  6    Str: 12    XL:     4   Next: 85%
Magic:  4/4        EV: 16    Int: 10    God:
Gold:   90         SH:  0    Dex: 15    Spells: 4/5 levels left

rFire   . . .        Y - +1 sling
rCold   . . .        (no shield)
rNeg    . . .        b - +0 ring mail
rPois   .            (helmet restricted)
rElec   .            (no cloak)
rCorr   .            d - +0 pair of gloves
SInv    .            (no boots)
Will    .....        a - amulet of the acrobat
Stlth   +            i - +5 ring of evasion
HPRegen 0.26/turn    c - +4 ring of slaying {mikee}
MPRegen 0.09/turn

%: acrobat
@: no status effects
A: horns 2, retaliatory headbutt
a: no special abilities


You were on level 3 of the Dungeon.
You visited 1 branch of the dungeon, and saw 3 of its levels.

You collected 90 gold pieces.


Innate Abilities, Weirdness & Mutations

You have a pair of horns on your head.
You reflexively headbutt those who attack you in melee.


   Skills:
 + Level 2.3 Fighting
 - Level 5.0 Ranged Weapons
 - Level 1.4 Armour
 - Level 2.1 Dodging
 - Level 1.0 Spellcasting
 - Level 2.0 Hexes


You had 4 spell levels left.
You knew the following spells:

 Your Spells              Type           Power      Damage    Failure   Level
a - Slow                  Hex            16%        N/A       32%         1

Your spell library contained the following spells:

 Spells                   Type           Power      Damage    Failure   Level
 Inner Flame              Hex/Fire       2%         N/A       83%         3
 Portal Projectile        Hex/Tloc       4%         N/A       83%         3
 Cause Fear               Hex            2%         N/A       97%         4

Inventory:

Hand Weapons
 Y - a +1 sling (weapon)
Armour
 b - a +0 ring mail (worn)
 d - a +0 pair of gloves (worn)
Jewellery
 a - an amulet of the acrobat (around neck)
 c - a +4 ring of slaying (right hand) {mikee}
 f - a ring of fire
 i - a +5 ring of evasion (left hand)
Potions
 e - a potion of enlightenment {unknown}
 g - a potion of curing {unknown}
 h - a potion of heal wounds {unknown}

Dungeon Overview and Level Annotations

Branches:
Dungeon (3/15)

Altars:

Annotations:
D:3 exclusion: 2 gnolls


Message History

The sling bullet closely misses the orc.
The orc hits you with a +0 mace.
The orc priest mumbles some strange prayers to Beogh against you.
Pain shoots through your body!
You shoot a sling bullet. The sling bullet hits the orc.
You kill the orc!
The orc priest misses you. The orc hits you with a +0 whip.
You shoot a sling bullet.
The sling bullet completely misses the orc priest.
The orc barely misses you. You furiously retaliate!
You headbutt the orc. The orc priest misses you. You furiously retaliate!
You headbutt the orc priest. You shoot a sling bullet.
The sling bullet hits the orc.
The orc is almost dead.
The orc priest hits you with a +0 short sword.
The orc completely misses you. The orc priest misses you.
You furiously retaliate!
You headbutt the orc priest! You shoot a sling bullet.
The sling bullet hits the orc.
You kill the orc!
The orc priest miscasts a cantrip.
The orc priest completely misses you. You furiously retaliate!
You headbutt the orc priest. You shoot a sling bullet.
The sling bullet closely misses the orc priest.
The orc priest miscasts a cantrip.
The orc priest closely misses you. The orc priest barely misses you.
The orc priest hits you but does no damage.
You shoot a sling bullet.
The sling bullet closely misses the orc priest.
The orc priest hits you with a +0 flail.
The orc priest hits you but does no damage.
You shoot a sling bullet.
The sling bullet barely misses the orc priest.
The orc priest hits you but does no damage.
The orc priest hits you with a +0 short sword.
You shoot a sling bullet. The sling bullet hits the orc priest!
You kill the orc priest!
The orc priest hits you with a +0 short sword.
The orc priest calls down the wrath of Beogh upon you.
Pain shoots through your body!
You die...

.. #.....##.###..###
#. #........# ##.# #
#.##..[..#### #.# #
#..#.....## #.#
#........### #.#
##..........# #.#
###........##.####.#
#...#)o######......##
#.###@)# #####...##
#.# #<.# #.#... #.#
#..## #..... #..#
#...# ###### #>##
##..## .. #[..### .o#
#.#...## .o.
#.###..######### o...
#.####.##......#


You could see an orc priest.

Vanquished Creatures
  An orc priest (D:3)
  4 gnolls (D:3)
  2 adders (D:2)
  A worm (D:2)
  3 dart slugs
  3 orcs (D:3)
  4 ball pythons
  3 endoplasms
  3 giant cockroaches
  5 goblins
  5 hobgoblins
  6 jackals (D:3)
  4 kobolds
  4 quokkas (D:1)
  2 frilled lizards (D:2)
  6 rats
56 creatures vanquished.

Notes
Turn   | Place    | Note
-------+----------+-------------------------------------------
     0 | D:1      | qw the Minotaur Hexslinger began the quest for the Orb.
     0 | D:1      | Reached XP level 1. HP: 16/16 MP: 1/1
     0 | D:1      | 0 ||| qw: Version: 0.3-a-46-gb1f654a
     0 | D:1      | 0 ||| qw: Game counter: 3127
     0 | D:1      | 0 ||| qw: Melee chars always use a shield: true
     0 | D:1      | 0 ||| qw: God list: Okawaru
     0 | D:1      | 0 ||| qw: Allow faded altars: false
     0 | D:1      | 0 ||| qw: Do Orc after clearing Dungeon:15 true
     0 | D:1      | 0 ||| qw: Do second Lair branch before Depths: true
     0 | D:1      | 0 ||| qw: Lair rune preference: random
     0 | D:1      | 0 ||| qw: Goals: Normal
     0 | D:1      | 0 ||| PLANNING D:1-11
   129 | D:1      | Reached skill level 3 in Ranged Weapons
   129 | D:1      | Reached XP level 2. HP: 7/23 MP: 2/2
   130 | D:1      | HP: 5/23 [constriction (1)]
   983 | D:1      | 983 ||| DROPPING +6 ring of intelligence.
   984 | D:1      | 984 ||| UPGRADING to +5 ring of evasion.
   985 | D:1      | 985 ||| DROPPING ring of magical power.
   986 | D:1      | 986 ||| READING scroll labelled LEUMOOH NEAME.
   987 | D:1      | 987 ||| READING scroll labelled LAZI YCVAGUGHI.
   987 | D:1      | Identified a scroll of acquirement
   987 | D:1      | 987 ||| ACQUIRING amulet of the acrobat
   987 | D:1      | Acquired an amulet of the acrobat
   989 | D:1      | 989 ||| UPGRADING to amulet of the acrobat.
   994 | D:1      | 994 ||| READING scroll labelled BOQOTHR XAUNON.
   995 | D:1      | 995 ||| READING scroll labelled RUKOYGOJUUN.
   996 | D:1      | 996 ||| READING scroll labelled FITIN ADUQ.
   997 | D:1      | 997 ||| DROPPING scroll of poison.
  1192 | D:2      | Reached XP level 3. HP: 27/29 MP: 3/3
  1203 | D:2      | HP: 7/29 [frozen (4)]
  1392 | D:2      | Reached skill level 4 in Ranged Weapons
  1657 | D:2      | Identified the +6 dagger of the Magi {heavy, rN+}
  2008 | D:2      | 2008 ||| UPGRADING to +0 ring mail.
  2018 | D:2      | 2018 ||| DROPPING +0 robe.
  2019 | D:2      | 2019 ||| UPGRADING to +0 pair of gloves.
  2024 | D:2      | 2024 ||| READING scroll labelled UVOGOE RURIARR.
  2081 | D:3      | Reached XP level 4. HP: 30/36 MP: 4/4
  2192 | D:3      | Reached skill level 1 in Armour
  2213 | D:3      | 2213 ||| FLEEEEING.
  2214 | D:3      | 2214 ||| FLEEEEING.
  2329 | D:3      | Reached skill level 5 in Ranged Weapons
  2547 | D:3      | 2547 ||| FLEEEEING.
  2548 | D:3      | 2548 ||| FLEEEEING.
  2549 | D:3      | 2549 ||| FLEEEEING.
  2550 | D:3      | 2550 ||| FLEEEEING.
  2555 | D:3      | 2555 ||| STAIRDANCE
  2637 | D:2      | 2637 ||| UPGRADING to +4 ring of slaying {mikee}.
  2647 | D:3      | HP: 9/36 [orc priest/+0 short sword (3)]
  2651 | D:3      | HP: 4/37 [orc priest/+0 short sword (3)]
  2652 | D:3      | HP: 1/37 [orc priest/+0 short sword (3)]
  2652 | D:3      | Killed from afar by an orc priest

Levels and vault maps discovered:
D:1:      dpeg_arrival_more_subterranean_lakeside_camping, layout_loops_ring
D:2:      layout_basic
D:3:      layout_rooms

Skill      XL: |  1  2  3  4 |
---------------+-------------+-----
Ranged Weapons | 3 4 5 |  5.0
Fighting       | 2 |  2.3
Armour         | 1 |  1.4
Dodging        | |  2.1
Spellcasting   | |  1.0
Hexes          | |  2.0

Action                     |  1- 3 |  4- 6 || total
---------------------------+-------+-------++-------
   Fire: Sling             |   138 |    74 ||   212
    Use: Scroll            |     6 |       ||     6
 Armour: Robe              |     5 |       ||     5
         Ring mail         |       |    19 ||    19
  Dodge: Dodged            |    50 |    59 ||   109

Table legend:
 A = Non-vault XP
 B = Vault XP
 C = Vault XP percentage of total XP
 D = Non-vault monster count
 E = Vault monster count
 F = Vault count percentage of total count
                 A         B        C        D         E       F
            +---------+---------+-------+---------+---------+-------
      Total |     223 |       0 |   0.0 |      56 |       0 |   0.0
            +---------+---------+-------+---------+---------+-------
        D:1 |      37 |       0 |   0.0 |      20 |       0 |   0.0
        D:2 |      58 |       0 |   0.0 |      17 |       0 |   0.0
        D:3 |     128 |       0 |   0.0 |      19 |       0 |   0.0
            +---------+---------+-------+---------+---------+-------
